AoeStats
← Jobrek'er

Arabian Desert

509339140Analyzed
1v1 RM · 7d ago on Sep 26, 2026· 30m 1s· 2 players
Game mode
Random Map
Map size
Tiny (2 player)
Population
200
Speed
Normal
Resources
Standard
Victory
Conquest
Starting age
Dark Age
Ending age
Imperial Age
RankedLock teamsTeams togetherTeam positionsShared explorationLock speedFull tech treeHidden civsTurbo modeCheats
Victory
Defeat
🇨🇱 Magyars · Chile
999
+15
🇩🇪 Britons · Germany
983
-15
pommesbudenhans6
5:41 Loom
9:41 Feudal Age
11:57 Double-Bit Axe
13:32 Horse Collar
22:12 Castle Age
22:05 Fletching
22:16 Padded Archer Armor
24:50 Wheelbarrow
24:09 Gold Mining
24:55 Bodkin Arrow
25:45 Elite Skirmisher
27:00 Crossbowman
27:44 Pikeman
Jobrek'er
7:54 Loom
11:05 Feudal Age
12:22 Town Watch
16:06 Double-Bit Axe
18:04 Horse Collar
19:59 Fletching
24:27 Castle Age
23:53 Gold Mining
24:29 Crossbowman
25:53 Bloodlines
26:40 Husbandry
27:39 Thumb Ring
Connection lost

Rejoining the realm…

Still unreachable

The connection could not be restored.

Session expired

The server has moved on; the page needs a fresh start.